 Dungeon Sprint DCSS version 0.26-a0-672-g1df16c3386 (webtiles) character file.

Game seed: 3571733658738399475

31 mhtbhm the Skirmisher (level 3, -10/25 HPs)
             Began as a Gargoyle Fighter on Oct 20, 2020.
             Was an Initiate of Okawaru.
             Mangled by an orc warrior
             ... wielding a +3 trident
              (13 damage)
             ... in the Dungeon (Sprint IX: "|||||||||||||||||||||||||||||").
             The game lasted 00:00:33 (345 turns).

mhtbhm the Skirmisher (Gargoyle Fighter)             Turns: 345, Time: 00:00:34

Health: -10/25     AC: 13    Str: 20    XL:     3   Next: 22%
Magic:  3/3        EV:  8    Int: 11    God:    Okawaru [......]
Gold:   0          SH: 10    Dex: 12    Spells: 2/2 levels left

rFire    . . .     SeeInvis .   a - +2 morningstar (vorpal)
rCold    . . .     Faith    .   c - +0 kite shield
rNeg     + . .     Spirit   .   b - +2 ring mail
rPois    ∞         Reflect  .   (no helmet)
rElec    +         Harm     .   (no cloak)
rCorr    .         Rampage  .   p - +0 pair of gloves
MR       .....     NoTele   +   o - +0 pair of boots
Stlth    +.........             (no amulet)
HPRegen  0.08/turn              q - +3 ring of dexterity
MPRegen  0.08/turn              r - +3 ring of intelligence

@: no status effects
A: negative energy resistance 1, electricity resistance, unbreathing,
petrification resistance, rot immunity, AC +3
a: Renounce Religion


You were in the Dungeon.
You worshipped Okawaru.
Okawaru was noncommittal.
You visited 1 branch

Inventory:

Hand Weapons
 a - a +2 vorpal morningstar (weapon)
Armour
 b - a +2 ring mail (worn)
 c - a +0 kite shield (worn)
 o - a +0 pair of boots (worn)
 p - a +0 pair of gloves (worn)
Jewellery
 q - a +3 ring of dexterity (left hand)
 r - a +3 ring of intelligence (right hand)
Wands
 n - a wand of acid (10)
Scrolls
 j - 2 scrolls of blinking
 l - 3 scrolls of remove curse
 m - 2 scrolls of amnesia
Potions
 d - a potion of might
 e - 5 potions of curing
 f - 3 potions of heal wounds
 g - a potion of haste
 h - 4 potions of magic
 i - a potion of berserk rage
 k - a potion of invisibility


   Skills:
 + Level 4.9 Fighting
 + Level 3.0 Maces & Flails
 + Level 4.8 Armour
 + Level 4.8 Shields


You had 2 spell levels left.
You didn't know any spells.
Your spell library was empty.

Dungeon Overview and Level Annotations

Branches:
Dungeon (1/1)

Altars:
Cheibriados
Dithmenos
Elyvilon
Fedhas
Gozag
Hepliaklqana
Kikubaaqudgha
Makhleb
Nemelex Xobeh
Okawaru
Qazlal
Ru
Sif Muna
Trog
Uskayaw
Vehumet
Wu Jian
Xom
Yredelemnul
Zin
The Shining One
Beogh
Jiyva
Lugonu


Innate Abilities, Weirdness & Mutations

You are resistant to torment.
Your stone body is resilient. (AC +3)
You are immune to poison.
You resist negative energy. (rN+)
You are resistant to electric shocks. (rElec)
You can survive without breathing.
You are immune to petrification.
You are immune to rotting.


Message History

The orc warrior hits you from afar with a +3 trident.
There is an open door to the Dungeon, spattered with blood here.
You puncture the orc warrior!
The orc warrior is moderately wounded.
You block the orc warrior's attack. x2
Your shield prevents you from hitting the orc warrior.
The orc warrior is moderately wounded.
The orc warrior hits you but does no damage.
You hit the orc warrior but do no damage.
The orc warrior is moderately wounded.
The orc warrior hits you with a +3 trident!
Ouch! That really hurt!
* * * LOW HITPOINT WARNING * * *
You barely miss the orc warrior.
The orc warrior is moderately wounded.
The orc warrior hits you with a +3 trident.
* * * LOW HITPOINT WARNING * * *
The orc warrior hits you with a +3 trident!
Ouch! That really hurt!
You die... ▓▓▓▓▓▓▓▓▓▓▓▓▓▓▓▓▓▓▓▓▓▓▓▓ +..clYo@...[..)..'______ ▓▓▓▓▓▓▓▓▓▓▓▓▓▓▓▓▓▓▓▓▓▓▓▓

You could see an orc warrior, a sky beast, a centaur and an iguana.

Vanquished Creatures
  An adder (D)
  An ooze (D)
  An adder skeleton (D)
  A dart slug (D)
  2 leopard geckos (D)
  A bat (D)
  2 bat skeletons (D)
  A goblin (D)
  A frilled lizard (D)
  A rat (D)
12 creatures vanquished.

Notes
Turn   | Place    | Note
-------+----------+-------------------------------------------
     0 | D        | mhtbhm the Gargoyle Fighter began the quest for the Orb.
     0 | D        | Reached XP level 1. HP: 14/14 MP: 1/1
    11 | D        | Reached XP level 2. HP: 20/20 MP: 2/2
   142 | D        | Reached XP level 3. HP: 14/24 MP: 3/3
   264 | D        | Found a roughly hewn altar of Beogh.
   264 | D        | Found a snail-covered altar of Cheibriados.
   264 | D        | Found a shadowy altar of Dithmenos.
   264 | D        | Found a white marble altar of Elyvilon.
   264 | D        | Found a blossoming altar of Fedhas.
   264 | D        | Found an opulent altar of Gozag.
   265 | D        | Found a hazy altar of Hepliaklqana.
   266 | D        | Found a viscous altar of Jiyva.
   267 | D        | Found an ancient bone altar of Kikubaaqudgha.
   268 | D        | Found a corrupted altar of Lugonu.
   269 | D        | Found a burning altar of Makhleb.
   270 | D        | Found a sparkling altar of Nemelex Xobeh.
   271 | D        | Found an iron altar of Okawaru.
   272 | D        | Found a stormy altar of Qazlal.
   273 | D        | Found a sacrificial altar of Ru.
   274 | D        | Found a shimmering blue altar of Sif Muna.
   275 | D        | Found a bloodstained altar of Trog.
   276 | D        | Found a hide-covered altar of Uskayaw.
   277 | D        | Found a radiant altar of Vehumet.
   278 | D        | Found an ornate altar of the Wu Jian Council.
   279 | D        | Became a worshipper of Warmaster Okawaru
   280 | D        | Found a shimmering altar of Xom.
   281 | D        | Found a basalt altar of Yredelemnul.
   282 | D        | Found a glowing silver altar of Zin.
   283 | D        | Found a glowing golden altar of the Shining One.
   338 | D        | Noticed a centaur
   338 | D        | Noticed a sky beast
   338 | D        | Noticed an orc warrior
   345 | D        | Mangled by an orc warrior

Illustrated notes

Levels and vault maps discovered:
D:        linesprint [early_d, line_temple, items_1, d_10, items_2, lair_1,
          lair_end, items_3, orc_1, orc_end, items_4, d_15, swamp_1, shoals_1,
          snake_1, spider_1, d_20, vaults_1, items_5, swamp_end, shoals_end,
          snake_end, spider_end, vaults_end, d_27, items_6, zot_1, zot_end,
          crypt_end, forest_end, elf_end, slime_end, tomb_end, abyss_end,
          pan_hell_end]

Skill      XL: |  1  2  3 |
---------------+----------+-----
Fighting       | 4 |  4.9
Armour         | 4 |  4.8
Shields        | 4 |  4.8
Maces & Flails | 3 |  3.0

Action                   || total
-------------------------++-------
Melee: Flail             ||    35
       Morningstar       ||     6
Armor: Scale mail        ||    18
       Ring mail         ||     2
Dodge: Dodged            ||    17
Block: Kite shield       ||    18

Table legend: (Time is in decaauts)
 A = Elapsed time spent in this place.
 B = Non-inter-level travel time spent in this place.
 C = Inter-level travel time spent in this place.
 D = Time resting spent in this place.
 E = Time spent auto-exploring this place.
 F = Levels seen in this place.
 G = Mean time per level.
                   A        B        C        D        E       F      G
               +--------+--------+--------+--------+--------+-----+--------+
         Total |    358 |    358 |      0 |    212 |      3 |   1 |  358.0 |
       Dungeon |    358 |    358 |      0 |    212 |      3 |   1 |  358.0 |
               +--------+--------+--------+--------+--------+-----+--------+

Top non-repeatable levels by time:
       D: 358 daAuts
